[Event "*** Titled Tuesday Blitz"]
[Site "Chess.com"]
[Date "2021.04.20"]
[Round "2"]
[White "GUST_b"]
[Black "AthanasiusLefebvre"]
[Result "1-0"]
[WhiteElo "2377"]
[BlackElo "2009"]
[TimeControl "180+1"]
[EndTime "10:16:18 PDT"]
[Termination "GUST_b won on time"]

1. Nf3 d6 2. g3 g6 3. Bg2 Bg7 4. O-O e6 5. d4 Ne7 6. c4 O-O 7. Nc3 c5 8. e4 Nbc6 9. Be3 cxd4 10. Nxd4 Ne5 11. b3 h5 12. h3 a6 13. f4 N5c6 14.
Rc1 Qc7 15. Nd5 Qa5 16. Nxc6 Nxc6 17. Nb6 Rb8 18. Qxd6 Rd8 19. Qc5 Qxa2 20. Rfd1 Rxd1+ 21. Rxd1 Qxb3 22. Re1 Qc3 23. Qd6 Qxe1+ 24. Kh2 Qxe3 25. Qc7 Bd4 26. h4 Bxb6 27. Qd6 1-0

[Event "*** Titled Tuesday Blitz"]
[Site "Chess.com"]
[Date "2021.04.20"]
[Round "2"]
[White "vovachesss"]
[Black "ybruned"]
[Result "1-0"]
[WhiteElo "2700"]
[BlackElo "2335"]
[TimeControl "180+1"]
[EndTime "10:16:19 PDT"]
[Termination "vovachesss won by resignation"]

1. d4 b6 2. e4 Bb7 3. Nc3 e6 4.
Bd3 Bb4 5. Nf3 Nf6 6. Qe2 d5 7. e5 Ne4 8. Bd2 Nxd2 9. Qxd2 Be7 10. O-O c5 11. Bb5+ Bc6 12. Bxc6+ Nxc6 13. Ne2 O-O 14. c3 cxd4 15. Nexd4 Nxd4 16. Nxd4 Bc5 17. f4 Bxd4+ 18. cxd4 g6 19. Rac1 Rc8 20. Rc3 Rxc3 21. Qxc3 Qc8 22. Rc1 Qa6 23. a3 Qe2 24. g3 h5 25. h4 Kg7 26.
Re1 Qb5 27. Kf2 Qc4 28. Rc1 Rc8 29. Qxc4 dxc4 30. Ke3 b5 31. b3 f5 32. Kd2 Rd8 33.
Ke3 Rc8 34. Kd2 Rd8 35. Kc3 cxb3 36. Rb1 Rxd4 37. Kxd4 1-0

[Event "*** Titled Tuesday Blitz"]
[Site "Chess.com"]
[Date "2021.04.20"]
[Round "2"]
[White "ChristopherYoo"]
[Black "RiskyDecision"]
[Result "1-0"]
[WhiteElo "2882"]
[BlackElo "2453"]
[TimeControl "180+1"]
[EndTime "10:16:22 PDT"]
[Termination "ChristopherYoo won by checkmate"]

1. d4 f5 2. Nf3 Nf6 3. c4 d6 4. g3 g6 5. Bg2 Bg7 6. O-O O-O 7. Nc3 c6 8. b3 Qc7 9. Bb2 e5 10. dxe5 dxe5 11. e4 Na6 12. Qe2 fxe4 13. Ng5 Nc5 14. Ngxe4 Ncxe4 15. Nxe4 Nxe4 16. Qxe4 Bf5 17. Qe3 a5 18.
Rfe1 Rfe8 19. Be4 Bxe4 20. Qxe4 Rad8 21. Rad1 Rxd1 22. Rxd1 Rd8 23. Rxd8+ Qxd8 24. Bxe5 Qe7 25. f4 Bxe5 26. fxe5 Qa3 27. e6 Qc1+ 28. Kg2 Qd2+ 29. Kh3 Qh6+ 30. Qh4 Qe3 31. Qd8+ Kg7 32. Qd7+ Kf8 33.
Qf7# 1-0

[Event "*** Titled Tuesday Blitz"]
[Site "Chess.com"]
[Date "2021.04.20"]
[Round "2"]
[White "Andrii_Prydun"]
[Black "mac0504"]
[Result "1-0"]
[WhiteElo "2340"]
[BlackElo "2578"]
[TimeControl "180+1"]
[EndTime "10:16:23 PDT"]
[Termination "Andrii_Prydun won by checkmate"]

1. d4 Nf6 2. Nc3 d5 3. Bf4 g6 4. e3 Bg7 5. h4 h5 6. Nf3 O-O 7.
Be2 c6 8. Ne5 Nfd7 9. Nd3 Nf6 10. f3 Be6 11. Nf2 Nbd7 12. e4 c5 13. e5 Ne8 14. g4 cxd4 15. Qxd4 hxg4 16. fxg4 f6 17. exf6 Bxf6 18. Qd2 Qb6 19. Nd3 Nc5 20. Ne5 Bxe5 21. Bxe5 Nf6 22. Qh6 Bf7 23. g5 Qe6 24. Bd4 Ne8 25.
Qh8# 1-0

[Event "*** Titled Tuesday Blitz"]
[Site "Chess.com"]
[Date "2021.04.20"]
[Round "2"]
[White "Mikhail_Golubev"]
[Black "GMSrinath"]
[Result "1-0"]
[WhiteElo "2583"]
[BlackElo "2850"]
[TimeControl "180+1"]
[EndTime "10:16:26 PDT"]
[Termination "Mikhail_Golubev won by resignation"]

1. e4 c5 2. Nf3 d6 3. d4 cxd4 4. Nxd4 Nf6 5. Nc3 a6 6. Bc4 e6 7. O-O Nbd7 8. Bxe6 fxe6 9. Nxe6 Qa5 10. Bd2 Qb6 11.
Nd5 Nxd5 12. exd5 Nc5 13. Ng5 Bf5 14. Re1+ Kd7 15. Qf3 Bg6 16. b4 Na4 17. Qb3 Nc5 18. Qh3+ Kc7 19. bxc5 Qb2 20. Rab1 Qxc2 21. Rxb7+ Kxb7 22.
Qd7+ Kb8 23. c6 1-0

[Event "*** Titled Tuesday Blitz"]
[Site "Chess.com"]
[Date "2021.04.20"]
[Round "2"]
[White "Oligan22"]
[Black "Kaslask"]
[Result "1-0"]
[WhiteElo "2487"]
[BlackElo "2299"]
[TimeControl "180+1"]
[EndTime "10:16:30 PDT"]
[Termination "Oligan22 won by resignation"]

1. e4 c5 2. Nf3 e6 3. d4 cxd4 4. Nxd4 Nf6 5. Nc3 Nc6 6. Nxc6 bxc6 7. e5 Nd5 8. Ne4 Qc7 9. f4 Qa5+ 10. c3 Rb8 11. Bd3 Ba6 12. O-O Be7 13. Bxa6 Qxa6 14. Qg4 Qb6+ 15. Kh1 g6 16. a3 Ne3 17. Bxe3 Qxe3 18.
Rae1 h5 19. Qd1 Qb6 20. b4 h4 21. h3 c5 22. Qd3 cxb4 23. axb4 Qc6 24. Ra1 Rc8 25.
Rxa7 Rc7 26. b5 Qb6 27. Ra8+ Bd8 28. Nd6+ Ke7 29. Nc8+ Rxc8 30. Rxc8 Rg8 31. Rd1 Qb7 32. Qc4 g5 33. Qc5+ Ke8 34. f5 g4 35. f6 d6 36.
Rxd6 1-0

[Event "*** Titled Tuesday Blitz"]
[Site "Chess.com"]
[Date "2021.04.20"]
[Round "2"]
[White "beto-betun"]
[Black "FontVella8"]
[Result "0-1"]
[WhiteElo "2221"]
[BlackElo "2449"]
[TimeControl "180+1"]
[EndTime "10:16:30 PDT"]
[Termination "FontVella8 won on time"]

1. d4 e6 2. Nf3 Nf6 3. g3 c5 4. Bg2 Nc6 5. O-O cxd4 6. Nxd4 a6 7. c4 d6 8. b3 Nxd4 9. Qxd4 Be7 10. Bb2 O-O 11.
Nd2 Rb8 12. e4 b5 13. Rfe1 Bb7 14. Rad1 Qc7 15. cxb5 axb5 16. Rc1 Qa5 17. a3 Rfc8 18. b4 Qa8 19. h4 d5 20. exd5 Bxd5 21. Bxd5 Qxd5 22. Qxd5 Nxd5 23. Ne4 h6 24. Nc5 Bxc5 25. bxc5 Rc6 26. Bd4 b4 27. axb4 Rxb4 28. Be3 Rb5 29. Bd4 Kf8 30. Kg2 Ke7 31. Rc2 f6 32. Rec1 Rb3 33.
Ba1 e5 34. Rd1 Ke6 35. Rdc1 Rb5 36. Rc4 Rb3 37. R4c2 Nb4 38. Rc3 Rxc3 39. Rxc3 Na6 40. Bb2 Rxc5 41. Rxc5 Nxc5 42. Ba3 Nd7 43. Kf3 g6 44. g4 h5 45. Kg3 Nb6 46. gxh5 gxh5 47. Bc1 Nd5 48. Ba3 Nc3 49. Bf8 Ne4+ 50. Kh3 Nxf2+ 0-1

[Event "*** Titled Tuesday Blitz"]
[Site "Chess.com"]
[Date "2021.04.20"]
[Round "2"]
[White "Deepweb2020"]
[Black "JakubPulpan"]
[Result "0-1"]
[WhiteElo "2502"]
[BlackElo "2738"]
[TimeControl "180+1"]
[EndTime "10:16:31 PDT"]
[Termination "JakubPulpan won on time"]

1. d4 Nf6 2. c4 e6 3. g3 d5 4. Nf3 Be7 5. Bg2 O-O 6. O-O dxc4 7. Qc2 b6 8. Qxc4 Bb7 9. Bf4 c5 10. dxc5 Bxc5 11. Nc3 Nbd7 12. Rfd1 Qc8 13. e3 a6 14. Rac1 b5 15. Qd3 Bc6 16. a3 Qb7 17. Ne1 Bxg2 18. Nxg2 Rac8 19. Nh4 h6 20. Bd6 Rfd8 21. Bxc5 Rxc5 22.
Ng2 Rdc8 23. Nf4 Ne5 24. Qd6 Nf3+ 25. Kg2 Ne5+ 26. Kg1 Nc4 27. Qd4 Nxb2 28. Rd2 Na4 29.
Rdc2 e5 30. Qd2 Nxc3 31. Rxc3 Rxc3 32. Rxc3 Rxc3 33. Qxc3 exf4 34. exf4 Qb6 35. Qe5 Ng4 36. Qb8+ Qxb8 0-1

[Event "*** Titled Tuesday Blitz"]
[Site "Chess.com"]
[Date "2021.04.20"]
[Round "2"]
[White "eCztery"]
[Black "dhaessel"]
[Result "1-0"]
[WhiteElo "2394"]
[BlackElo "2090"]
[TimeControl "180+1"]
[EndTime "10:16:32 PDT"]
[Termination "eCztery won on time"]

1. e4 e5 2. Nf3 Nc6 3. d4 exd4 4. Bc4 Nf6 5. O-O Nxe4 6. Re1 d5 7. Bxd5 Qxd5 8.
Nc3 Qd8 9. Nxe4 Be7 10. Bg5 f6 11. Bxf6 gxf6 12. Nxf6+ Kf8 13. Ne4 Bf5 14. Qd2 Kg7 15.
Neg5 Rg8 16. Qf4 Qd7 17. Rad1 Kh8 18. Nf7+ Kg7 19. Nxd4 Kxf7 20. Nxf5 1-0

[Event "*** Titled Tuesday Blitz"]
[Site "Chess.com"]
[Date "2021.04.20"]
[Round "2"]
[White "TheRealPeakyBlinder"]
[Black "mr_gustavo"]
[Result "0-1"]
[WhiteElo "2643"]
[BlackElo "2406"]
[TimeControl "180+1"]
[EndTime "10:16:33 PDT"]
[Termination "mr_gustavo won by resignation"]

1. g3 Nf6 2. Bg2 g6 3. b3 Bg7 4. Bb2 O-O 5. Nf3 d6 6. d4 Nbd7 7. O-O e5 8. dxe5 Ng4 9. c4 dxe5 10. Qd2 Re8 11. Rd1 e4 12. Bxg7 Kxg7 13. Ng5 e3 14. Qd4+ Qf6 15. f4 Nf2 16. Qxf6+ Nxf6 17. Rd4 c5 18. Rd6 h6 19. Nf3 N6e4 20. Rd5 Be6 21. Re5 Rad8 22. Na3 f6 23. Rxe4 Nxe4 24. Nc2 Nc3 25.
Kf1 Bf5 26. Na3 Rd2 27. Rc1 Nxe2 28. Re1 Bd3 29. Nxd2 exd2 30. Rd1 Nc3+ 31. Kf2 Nxd1+ 0-1

[Event "*** Titled Tuesday Blitz"]
[Site "Chess.com"]
[Date "2021.04.20"]
[Round "2"]
[White "vlad_Sid"]
[Black "ri4mi"]
[Result "0-1"]
[WhiteElo "2658"]
[BlackElo "2349"]
[TimeControl "180+1"]
[EndTime "10:16:33 PDT"]
[Termination "ri4mi won by resignation"]

1. c4 e6 2. g3 d5 3. Bg2 c6 4. Nf3 dxc4 5. O-O b5 6. a4 Bb7 7. Na3 a6 8. b3 cxb3 9. Qxb3 Nd7 10. Bb2 Ngf6 11. Rfc1 Be7 12. Nd4 Nc5 13. Qc2 Qb6 14. axb5 axb5 15. Nxc6 Bxc6 16. Bxc6+ Qxc6 17. d4 b4 18. Nb1 Rxa1 19. Bxa1 Qa4 20. Qb2 Nce4 21. Rc8+ Bd8 22.
Kg2 O-O 23. f3 Nd6 24. Rc1 Nf5 25. Nd2 Ne3+ 26. Kg1 Nfd5 27. Nb3 Bf6 28. Kf2 h6 29. Qb1 Ra8 30. Nc5 Qa2 31. Qd3 Qxa1 32. Rxa1 Rxa1 0-1

[Event "*** Titled Tuesday Blitz"]
[Site "Chess.com"]
[Date "2021.04.20"]
[Round "2"]
[White "CURRUTACO59"]
[Black "ViktoriyaTarasova"]
[Result "0-1"]
[WhiteElo "2195"]
[BlackElo "2425"]
[TimeControl "180+1"]
[EndTime "10:16:33 PDT"]
[Termination "ViktoriyaTarasova won on time"]

1. Nf3 Nf6 2. e3 e6 3. b3 b6 4.
Bb2 Bb7 5. d4 d5 6. Bd3 Bd6 7.
Nbd2 O-O 8. O-O a5 9. c4 a4 10. Ne5 a3 11. Bc3 Ne4 12. Nxe4 dxe4 13. Bc2 f6 14.
Ng4 h5 15. h3 hxg4 16. Qxg4 f5 17. Qh5 Qe8 18. Qg5 Qe7 19. Qh5 Nd7 20. Rab1 Nf6 21. Qe2 f4 22. exf4 Bxf4 23. b4 Qf7 24. Bb3 Qh5 25. Qc2 e3 26. f3 Qg5 27. Be1 Rfd8 28. Rd1 Qf5 29. Qe2 Qg5 30. Bc2 g6 31. Qd3 c5 32.
bxc5 bxc5 33. d5 exd5 34. Qe2 d4 35. Bd3 Bc6 0-1

[Event "*** Titled Tuesday Blitz"]
[Site "Chess.com"]
[Date "2021.04.20"]
[Round "2"]
[White "Sadykov_Ramil"]
[Black "emperor87"]
[Result "0-1"]
[WhiteElo "2469"]
[BlackElo "2682"]
[TimeControl "180+1"]
[EndTime "10:16:36 PDT"]
[Termination "emperor87 won by checkmate"]

1. e4 d5 2. exd5 Qxd5 3. Nc3 Qd8 4. d4 c6 5. Nf3 Bf5 6. Bc4 e6 7.
Ne5 Nd7 8. Bf4 Nxe5 9. Bxe5 Nf6 10. O-O Be7 11. Ne2 O-O 12. c3 b5 13. Bb3 a5 14. a4 b4 15. c4 Nd7 16. Bc2 Nxe5 17.
Bxf5 Nf3+ 18. gxf3 exf5 19. Qd3 g6 20. Rad1 Bd6 21.
f4 Re8 22. Rfe1 Ra7 23. Qf3 Rae7 24. Kf1 Re4 25. b3 Qh4 26. Qg3 Qh5 27. Ng1 Bxf4 28. Qg2 Qxh2 29. Qxh2 Bxh2 30. Nf3 Bf4 31. d5 c5 32. Rxe4 fxe4 33. Ne1 Bd6 34. Ng2 f5 35. Ke2 Kg7 36. f4 exf3+ 37. Kxf3 g5 38. Ne3 Kg6 39. Kf2 h5 40. Rh1 h4 41. Ng2 Bg3+ 42. Kf3 g4# 0-1

[Event "*** Titled Tuesday Blitz"]
[Site "Chess.com"]
[Date "2021.04.20"]
[Round "2"]
[White "Iskusnyh"]
[Black "yuki_chess123"]
[Result "1-0"]
[WhiteElo "2639"]
[BlackElo "2237"]
[TimeControl "180+1"]
[EndTime "10:16:39 PDT"]
[Termination "Iskusnyh won by resignation"]

1. d4 Nf6 2. c4 g6 3. g3 d6 4.
Bg2 Bg7 5. Nc3 O-O 6. Nf3 Nbd7 7.
O-O e5 8. e4 Re8 9. h3 c6 10.
Re1 exd4 11. Nxd4 Nc5 12. Qc2 Bd7 13. Bf4 Nh5 14. Be3 Qc8 15. Kh2 Nf6 16. Rad1 Re5 17. f3 Bxh3 18. Bxh3 Rh5 19. Qg2 Ng4+ 20. fxg4 Qxg4 21.
Rh1 Be5 22. Kg1 Qxg3 23. Qxg3 Bxg3 24. Bg2 Rxh1+ 25. Bxh1 Re8 26. Bf3 f5 27. Kg2 Bh4 28.
Nb3 fxe4 29. Be2 Nxb3 30. axb3 Re6 31. Bg4 Re5 32. Rxd6 Be7 33. Rd7 1-0

[Event "*** Titled Tuesday Blitz"]
[Site "Chess.com"]
[Date "2021.04.20"]
[Round "2"]
[White "LifeIsAllAboutChess23"]
[Black "Nils_03"]
[Result "0-1"]
[WhiteElo "2117"]
[BlackElo "2409"]
[TimeControl "180+1"]
[EndTime "10:16:41 PDT"]
[Termination "Nils_03 won by checkmate"]

1. d4 Nf6 2. Bg5 Ne4 3. Bf4 c5 4. f3 Qa5+ 5. c3 Nf6 6. dxc5 Qxc5 7. e4 d6 8. Nd2 g6 9. Bd3 Bg7 10. Qe2 O-O 11. h4 Nc6 12. g4 Ne5 13. Be3 Qa5 14. h5 Nxd3+ 15. Qxd3 Qa6 16. Qxa6 bxa6 17. hxg6 hxg6 18.
Ne2 Bd7 19. O-O-O Rfc8 20. Rh2 a5 21. Rdh1 a4 22. a3 a6 23. Bh6 e5 24. Nf1 Bxh6+ 25. Rxh6 Kf8 26. Ne3 Ke7 27. Kd2 Be6 28. Ng3 Rab8 29.
Kc1 Rb3 30. Rh8 Rxh8 31. Rxh8 Rb7 32. Ra8 Rb6 33. Ngf1 Nd7 34. Nd2 Nc5 35. Ndc4 Rc6 36. Ra7+ Kf6 37. Na5 Rc8 38. Nb7 Nb3+ 39. Kc2 Rh8 40.
Nxd6 Rh2+ 41. Kd3 Rd2# 0-1

[Event "*** Titled Tuesday Blitz"]
[Site "Chess.com"]
[Date "2021.04.20"]
[Round "2"]
[White "albi1999"]
[Black "Zhigalko_Sergei"]
[Result "1-0"]
[WhiteElo "2605"]
[BlackElo "2909"]
[TimeControl "180+1"]
[EndTime "10:16:44 PDT"]
[Termination "albi1999 won by resignation"]

1. d4 Nf6 2. c4 e6 3. Nf3 b6 4.
g3 Ba6 5. b3 Bb4+ 6. Bd2 Be7 7.
Bg2 c6 8. O-O d5 9. Qc2 O-O 10.
Rd1 Nbd7 11. Bc1 Rc8 12. Nc3 c5 13. Bb2 dxc4 14. d5 exd5 15. Nxd5 Qe8 16. Ng5 g6 17. Nxe7+ Qxe7 18. Qc3 Rfd8 19. Ne4 Kg7 20. Rxd7 Rxd7 21. Nxf6 Rd4 22. e3 Qxf6 23. exd4 cxd4 24. Qxd4 c3 25. Qxf6+ Kxf6 26. Ba3 Rd8 27. Rc1 c2 28. Bf3 Rd3 29. Be2 Kf5 30. Bxd3+ Bxd3 31. f3 Ke5 32. Bb2+ Kd5 33.
Kf2 g5 34. Ke3 Bg6 35. Kd2 h5 36. Rxc2 g4 37. fxg4 Bxc2 38. Kxc2 hxg4 39. Kd3 b5 40. Bc3 1-0

[Event "*** Titled Tuesday Blitz"]
[Site "Chess.com"]
[Date "2021.04.20"]
[Round "2"]
[White "bocah_sakit"]
[Black "ehrenfeld"]
[Result "1-0"]
[WhiteElo "2822"]
[BlackElo "2540"]
[TimeControl "180+1"]
[EndTime "10:16:45 PDT"]
[Termination "bocah_sakit won by resignation"]

1. e4 e5 2. Nf3 Nc6 3. Bb5 a6 4. Bxc6 dxc6 5. O-O Qf6 6. d4 exd4 7. Bg5 Qd6 8. Nxd4 Be7 9. Bxe7 Nxe7 10. Nc3 Bd7 11. Nde2 O-O-O 12. Qc1 Kb8 13. Rd1 Qe5 14. Qe3 g5 15. Rd3 Be6 16. Rad1 Rxd3 17. Rxd3 Ng6 18. Qd4 Re8 19. f3 f5 20. Rd2 f4 21. Qxe5 Nxe5 22.
b3 a5 23. Nd4 Bc8 24. Kf2 Ka7 25. Ke1 g4 26. fxg4 Bxg4 27. Kf2 Bc8 28. h3 Rg8 29. Nf3 Nxf3 30. gxf3 Bxh3 31. Ne2 Rg2+ 32. Ke1 Be6 33. Nxf4 Rxd2 34. Kxd2 Bf7 35. Ke3 Kb8 36. Nh3 Kc8 37. Ng5 Bg8 38. f4 Kd7 39. f5 h6 40. Nf3 Bh7 41. Kf4 Ke7 42. e5 b5 43. Nd4 Kd7 44.
e6+ Kd6 45. f6 c5 46. f7 Ke7 47. Nc6+ Kf8 48. Ke5 1-0

[Event "*** Titled Tuesday Blitz"]
[Site "Chess.com"]
[Date "2021.04.20"]
[Round "2"]
[White "VladimirBugayev"]
[Black "ErikRonka"]
[Result "0-1"]
[WhiteElo "2259"]
[BlackElo "2463"]
[TimeControl "180+1"]
[EndTime "10:16:45 PDT"]
[Termination "ErikRonka won on time"]

1. e4 c6 2. d4 d5 3. exd5 cxd5 4. Bd3 Nf6 5. c3 Nc6 6. Bf4 Bg4 7. Qb3 Qc8 8. Nd2 Bh5 9. Ngf3 Bg6 10. Bxg6 hxg6 11.
O-O e6 12. Rae1 Be7 13. h4 Qd7 14. g3 Nh5 15. Bg5 Bxg5 16. Nxg5 O-O-O 17. Ndf3 Rde8 18. c4 f6 19. cxd5 exd5 20. Qd3 fxg5 21. Nxg5 Qf5 22. Qd1 Rxe1 23. Rxe1 Rf8 24. Qd2 Nf6 25. Ne6 Ne4 26. Rxe4 dxe4 27. Nxf8 Qxf8 0-1

[Event "*** Titled Tuesday Blitz"]
[Site "Chess.com"]
[Date "2021.04.20"]
[Round "2"]
[White "FMOlexandrProhorov"]
[Black "korkmaz16"]
[Result "1-0"]
[WhiteElo "2249"]
[BlackElo "2441"]
[TimeControl "180+1"]
[EndTime "10:16:47 PDT"]
[Termination "FMOlexandrProhorov won by checkmate"]

1. Nf3 d5 2. d4 Nf6 3. c4 e6 4.
Nc3 Be7 5. Bf4 a6 6. e3 O-O 7.
Rc1 dxc4 8. Bxc4 b5 9. Bd3 Bb7 10. O-O Nbd7 11. Qe2 c5 12. dxc5 Nxc5 13. Bb1 Nd5 14.
Qc2 f5 15. Rfd1 Rc8 16. Nxd5 Bxd5 17. Qe2 Qb6 18. Ne5 g6 19. b4 Na4 20. Nd7 Qb7 21.
Nxf8 Nc3 22. Rxc3 Rxc3 23. f3 Bxf8 24. Qd2 Bxb4 25. Qd4 Rc4 26. Qe5 Qc6 27. h4 Bc5 28. h5 Qd7 29. h6 Qe7 30. Bg5 Qxg5 31. Qg7# 1-0

[Event "*** Titled Tuesday Blitz"]
[Site "Chess.com"]
[Date "2021.04.20"]
[Round "2"]
[White "Rondo_Capriccioso"]
[Black "rugbyclub"]
[Result "0-1"]
[WhiteElo "2431"]
[BlackElo "2235"]
[TimeControl "180+1"]
[EndTime "10:16:47 PDT"]
[Termination "rugbyclub won by resignation"]

1. e4 e5 2. Nf3 Nc6 3. Bc4 Bc5 4. c3 Nf6 5. d3 O-O 6. b4 Bb6 7. O-O d6 8. Nbd2 Ne7 9. a4 a6 10. Bb3 Ng6 11. Nc4 Ba7 12. Be3 c6 13. a5 Nh5 14. Bxa7 Rxa7 15. Nb6 Nhf4 16. Ne1 Qg5 17. g3 Bh3 18. Nf3 Qh5 19. Re1 Bg4 20. Re3 Nh3+ 21.
Kf1 Ng5 22. Kg2 Nf4+ 23. gxf4 Qh3+ 24. Kg1 Bxf3 25. Qf1 Qg4+ 0-1

[Event "*** Titled Tuesday Blitz"]
[Site "Chess.com"]
[Date "2021.04.20"]
[Round "2"]
[White "Vesper2018"]
[Black "Sharpchess22"]
[Result "0-1"]
[WhiteElo "2531"]
[BlackElo "2806"]
[TimeControl "180+1"]
[EndTime "10:16:50 PDT"]
[Termination "Sharpchess22 won on time"]

1. e4 e6 2. d4 d5 3. e5 c5 4. c3 Nc6 5. Nf3 Bd7 6. Be2 Nh6 7. Bxh6 gxh6 8. O-O Qb6 9. Qd2 Rc8 10. dxc5 Bxc5 11. b4 Bf8 12. a4 Bg7 13. Bb5 Nxe5 14. Nxe5 Bxe5 15. Bxd7+ Kxd7 16. Kh1 Bg7 17. f4 f5 18.
Rf3 a5 19. bxa5 Qxa5 20. Ra2 Rc4 21. Rb2 Kc8 22. h3 Rxa4 23. Re3 Re8 24. Qe2 Qa6 25. Rb5 Rxf4 26. Nd2 Qc6 27. Nb3 b6 28. Qa2 Qxb5 29. Qa8+ Kc7 30. Qa7+ Kd6 31. Qxg7 Rf1+ 32. Kh2 Qxb3 33.
Qe5+ Kd7 34. Qg7+ Re7 35. Qg8 Qc4 36. Qb8 Qf4+ 0-1

[Event "*** Titled Tuesday Blitz"]
[Site "Chess.com"]
[Date "2021.04.20"]
[Round "2"]
[White "Kaua18"]
[Black "esteban062000"]
[Result "1-0"]
[WhiteElo "2415"]
[BlackElo "2168"]
[TimeControl "180+1"]
[EndTime "10:16:50 PDT"]
[Termination "Kaua18 won by resignation"]

1. e4 c5 2. Nf3 g6 3. d4 cxd4 4.
Qxd4 Nf6 5. Nc3 Nc6 6. Qa4 d6 7. e5 dxe5 8. Nxe5 Bd7 9. Nxd7 Qxd7 10. h3 Bg7 11. Be3 O-O 12. Be2 a6 13. Rd1 Qc7 14. O-O Rfd8 15. Qb3 b5 16. Bf3 Rxd1 17.
Rxd1 Rd8 18. Rxd8+ Nxd8 19. a4 bxa4 20. Qxa4 a5 21.
Nb5 Qe5 22. Qxa5 Ne6 23. Qa8+ Nf8 24. Nc3 Qc7 25. Qb7 Qd8 26. g4 N6d7 27. Nd5 Ne5 28.
Nxe7+ Kh8 29. Be2 Ne6 30. Nc6 Nxc6 31. Qxc6 Nd4 32. Bxd4 Bxd4 33. c3 Ba7 34. Qb7 Bb8 35. Bf3 Qd6 36. Qxf7 Qh2+ 37. Kf1 Qxh3+ 38. Ke2 Qh6 39.
Qe8+ 1-0

[Event "*** Titled Tuesday Blitz"]
[Site "Chess.com"]
[Date "2021.04.20"]
[Round "2"]
[White "AnnaChessLook"]
[Black "Pelopidass"]
[Result "0-1"]
[WhiteElo "2267"]
[BlackElo "2561"]
[TimeControl "180+1"]
[EndTime "10:16:51 PDT"]
[Termination "Pelopidass won by checkmate"]

1. d4 Nf6 2. c4 g6 3. Nc3 Bg7 4.
e4 d6 5. Be2 O-O 6. Be3 Nc6 7. f3 e5 8. d5 Nd4 9. Qd2 c5 10. h4 Nh5 11. O-O-O Ng3 12. Rh2 f5 13. Bg5 Qb6 14. h5 f4 15. hxg6 hxg6 16. Nh3 Bd7 17. Nf2 Kf7 18. Bxf4 Ngxe2+ 19. Nxe2 Nxe2+ 20. Qxe2 exf4 21. b3 Rh8 22. Rdh1 Rxh2 23. Rxh2 Rh8 24. Nh3 Bxh3 25. gxh3 Qb4 26. Qg2 Qc3+ 27. Kd1 Qd3+ 28. Ke1 Qb1+ 29. Ke2 Qxa2+ 30. Kf1 Qb1+ 31. Ke2 Qc2+ 32. Kf1 Qd1+ 33. Kf2 Bd4# 0-1

[Event "*** Titled Tuesday Blitz"]
[Site "Chess.com"]
[Date "2021.04.20"]
[Round "2"]
[White "vanyakuba"]
[Black "BL4D3RUNN3R"]
[Result "1-0"]
[WhiteElo "2399"]
[BlackElo "2105"]
[TimeControl "180+1"]
[EndTime "10:16:51 PDT"]
[Termination "vanyakuba won by resignation"]

1. e4 c6 2. d4 d5 3. exd5 cxd5 4. c4 Nf6 5. Nc3 Be6 6. c5 g6 7. a3 Bg7 8. b4 O-O 9. Nf3 Ne4 10. Bb2 Bg4 11.
Be2 Nc6 12. Na4 e5 13. Nxe5 Bxe2 14. Qxe2 Nxe5 15. dxe5 Re8 16. O-O Qh4 17. f3 Nf6 18. Rad1 Rad8 19. g3 Qh5 20. Rfe1 h6 21. Nc3 d4 22.
Nb5 Nd5 23. Bxd4 Bxe5 24. Bxe5 1-0

[Event "*** Titled Tuesday Blitz"]
[Site "Chess.com"]
[Date "2021.04.20"]
[Round "2"]
[White "Indianlad"]
[Black "Mr_Sinigami"]
[Result "1-0"]
[WhiteElo "2926"]
[BlackElo "2592"]
[TimeControl "180+1"]
[EndTime "10:16:52 PDT"]
[Termination "Indianlad won by resignation"]

1. c4 Nf6 2. Nc3 g6 3. g3 Bg7 4. Bg2 O-O 5. Nf3 d6 6. O-O e5 7. d3 Nbd7 8. Rb1 Re8 9. Bg5 h6 10. Bxf6 Nxf6 11. Nd2 h5 12. b4 h4 13. a4 hxg3 14.
hxg3 Ng4 15. Nf3 f5 16. e3 Bf6 17. Nd5 Kg7 18. Bh3 c6 19. Nxf6 Qxf6 20. Kg2 Rh8 21. Rh1 Be6 22. Nd2 Raf8 23. Qe2 Qg5 24. Bxg4 fxg4 25.
Rxh8 Rxh8 26. Rh1 Rxh1 27. Kxh1 d5 28. cxd5 cxd5 29. Kg1 Qe7 30. d4 Qxb4 31. dxe5 Qxa4 32. Qd3 Qa1+ 33. Kh2 Qxe5 34. Qa3 Qf6 35. Kg1 a6 36.
Nb3 Bf5 37. Nd4 Be4 38. Qc3 Kh6 39. Qc8 b5 40. Qxg4 b4 41. Qh3+ Kg7 42. Qd7+ Qf7 43. Qd6 a5 44. Ne6+ Kh6 45. Qe5 Bf5 46. Qf4+ Kh7 47.
Ng5+ Kg7 48. Nxf7 Kxf7 49. Qc7+ 1-0

[Event "*** Titled Tuesday Blitz"]
[Site "Chess.com"]
[Date "2021.04.20"]
[Round "2"]
[White "mr65"]
[Black "Harald_Schmidt"]
[Result "1-0"]
[WhiteElo "2128"]
[BlackElo "2390"]
[TimeControl "180+1"]
[EndTime "10:16:52 PDT"]
[Termination "mr65 won by checkmate"]

1. e4 c5 2. Nf3 d6 3. d4 cxd4 4.
Nxd4 Nf6 5. Nc3 a6 6. f4 e5 7. Nf3 Qa5 8. Bd3 Nbd7 9. O-O Nc5 10. fxe5 Nxd3 11. exf6 Qc5+ 12. Kh1 Nf2+ 13. Rxf2 Qxf2 14. fxg7 Bxg7 15. Nd5 O-O 16. Be3 Qxe3 17. Nxe3 Bxb2 18. Rb1 Bg7 19. Nd5 Be6 20. Nc7 Rac8 21. Nxe6 fxe6 22.
Rxb7 Rc6 23. h3 Rfc8 24. Qb1 Rxc2 25. Rb8 Bh6 26. Rxc8+ Rxc8 27. Kh2 Bf4+ 28. g3 Bh6 29. h4 Rd8 30. Qb6 Rd7 31. Qxa6 Kf7 32. Qc6 Ke7 33. Ng5 Bg7 34. Qc4 d5 35. exd5 exd5 36. Qc5+ Ke8 37. a4 d4 38. Ne6 Bf6 39. Nf8 Rd8 40. Ne6 Rd7 41. Qf8# 1-0

[Event "*** Titled Tuesday Blitz"]
[Site "Chess.com"]
[Date "2021.04.20"]
[Round "2"]
[White "Raja3401"]
[Black "guillembaches"]
[Result "1-0"]
[WhiteElo "2752"]
[BlackElo "2508"]
[TimeControl "180+1"]
[EndTime "10:16:53 PDT"]
[Termination "Raja3401 won on time"]

1. e4 c5 2. Nf3 d6 3. d4 cxd4 4. Nxd4 Nf6 5. Nc3 Nc6 6. Bg5 e6 7. Qd3 h6 8. Bh4 Qb6 9. O-O-O Nxd4 10. Qxd4 Qxd4 11. Rxd4 a6 12. Na4 Nd7 13. Be2 b5 14. Nc3 Bb7 15. Rhd1 Rc8 16. a4 bxa4 17. Rxa4 Nc5 18.
Rc4 Be7 19. Bg3 e5 20. Bg4 Rc6 21. Nd5 Bd8 22. f4 h5 23. Bf3 h4 24. Bf2 exf4 25. e5 Ne6 26. Rxc6 Bxc6 27. exd6 Kd7 28. c4 h3 29. g3 fxg3 30. Bxg3 g5 31. Bg4 Rf8 32. Rf1 Ba5 33. b4 Bd8 34. Nf6+ Bxf6 35. Rxf6 Be4 36.
Bxe6+ 1-0

[Event "*** Titled Tuesday Blitz"]
[Site "Chess.com"]
[Date "2021.04.20"]
[Round "2"]
[White "jacky72"]
[Black "GM_LOADING"]
[Result "0-1"]
[WhiteElo "2721"]
[BlackElo "2518"]
[TimeControl "180+1"]
[EndTime "10:16:54 PDT"]
[Termination "GM_LOADING won by checkmate"]

1. d4 Nf6 2. c4 e6 3. Nf3 Bb4+ 4. Bd2 a5 5. Nc3 b6 6. e3 Bb7 7. Bd3 d6 8. O-O Nbd7 9. Qc2 O-O 10. a3 Bxc3 11.
Bxc3 a4 12. e4 h6 13. Rad1 Qe7 14. Rfe1 e5 15. dxe5 dxe5 16. Nh4 g6 17. Qd2 Kh7 18. f4 Ng4 19. Nf3 Qc5+ 20. Kf1 exf4 21. Bd4 Ne3+ 22.
Bxe3 fxe3 23. Qxe3 Qxe3 24. Rxe3 Nc5 25. Bc2 Rad8 26.
Rde1 Ba6 27. Rc3 Rfe8 28. Kf2 Kg7 29. e5 Re7 30. h4 Bb7 31. Rce3 Bxf3 32. gxf3 Rd4 33.
Kg3 Rxc4 34. R1e2 Rd4 35. f4 Re8 36. h5 Ne6 37. Rf2 g5 38. f5 Nf4 39. f6+ Kf8 40.
Rh2 b5 41. Bf5 Rd5 42. Rc2 Nxh5+ 43. Kh2 Nxf6 44. Rxc7 Rexe5 45. Rxe5 Rxe5 46. Bd3 Kg7 47. Rb7 Ng4+ 48. Kg1 Re1+ 49. Kg2 Ne5 50. Bxb5 h5 51. Bxa4 h4 52. Bd7 g4 53. Bf5 h3+ 54. Kg3 Rg1+ 55. Kh2 Rg2+ 56. Kh1 Nf3 57. Bxg4 Rg1# 0-1